 Dungeon Crawl Stone Soup version 0.29-a0-517-gbdf32494f2 (webtiles) character file.

Game seed: 1109555251641925401

1341 ptdevnull the Chiller (level 8, -3/54 (57) HPs)
             Began as a Demigod Ice Elementalist on May 31, 2022.
             Slain by a wight
             ... wielding a +4 battleaxe of freezing
              (12 damage)
             ... on level 6 of the Dungeon.
             The game lasted 00:21:38 (7406 turns).

ptdevnull the Chiller (Demigod Ice Elementalist)    Turns: 7406, Time: 00:21:39

HP:   -3/54 (57)    AC:  6    Str:  9    XL:     8   Next: 13%
MP:   23/29         EV: 12    Int: 25    God:
Gold: 445           SH:  0    Dex: 14    Spells: 5/18 levels left

rFire   . . .      SeeInvis .   C - +1 long sword (flame)
rCold   . . .      Faith    .   (no shield)
rNeg    . . .      Spirit   .   a - +1 robe
rPois   .          Reflect  .   (no helmet)
rElec   .          Harm     .   i - scarf {repulsion}
rCorr   .          Rampage  .   t - +1 pair of gloves of the Vacuum {MP+9}
Will    .....                   v - +0 pair of boots
Stlth   ++........              r - amulet of the acrobat
HPRegen 0.18/turn               (no ring)
MPRegen 0.21/turn               (no ring)

@: drained, repel missiles
A: high MP 1, forlorn, divine attributes
a: no special abilities


You were on level 6 of the Dungeon.
You visited 2 branches of the dungeon, and saw 7 of its levels.
You also visited: Sewer.

You collected 445 gold pieces.

Inventory:

Hand Weapons
 f - a +0 short sword
 B - a +0 falchion
 C - a +1 long sword of flaming (weapon)
Missiles
 e - 4 javelins
 j - a throwing net
Armour
 a - a +1 robe (worn)
 i - a scarf of repulsion (worn)
 t - the +1 pair of gloves of the Vacuum (worn) {MP+9}
   (You found it on level 2 of the Dungeon)

   MP:        It affects your magic capacity (+9).
 v - a +0 pair of boots (worn)
Magical Staves
 p - a staff of death
Jewellery
 r - an amulet of the acrobat (around neck)
Wands
 D - a wand of paralysis (13)
Scrolls
 c - 2 scrolls of fear
 d - 6 scrolls of identify
 g - a scroll of enchant armour
 h - a scroll of summoning {unknown}
 l - a scroll of teleportation
 o - 2 scrolls of silence
 q - 4 scrolls of fog
Potions
 b - 3 potions of magic
 k - 3 potions of flight {unknown}
 m - 2 potions of heal wounds
 n - 2 potions of cancellation
 s - 3 potions of mutation {unknown}
 u - 2 potions of resistance {unknown}
 w - a potion of attraction {unknown}
 x - 3 potions of curing {unknown}
 z - 2 potions of berserk rage {unknown}
 A - a potion of might {unknown}
 E - 5 potions of haste {unknown}


   Skills:
 - Level 2.4 Dodging
 - Level 2.6 Stealth
 + Level 5.6 Spellcasting
 * Level 3.1 Conjurations
 + Level 6.9 Ice Magic


You had 5 spell levels left.
You knew the following spells:

 Your Spells              Type           Power      Damage    Failure   Level
a - Freeze                Ice            100%       1d11      1%          1
b - Frozen Ramparts       Ice            82%        1d10      1%          3
c - Ozocubu's Armour      Ice            41%        N/A       1%          3
d - Ensorcelled Hibernat  Hex/Ice        48%        N/A       2%          2
e - Hailstorm             Conj/Ice       32%        3d8       10%         4

Your spell library contained the following spells:

 Spells                   Type           Power      Damage    Failure   Level
 Spider Form              Tmut/Pois      7%         N/A       24%         3
 Anguish                  Hex/Necr       3%         N/A       61%         4


Dungeon Overview and Level Annotations

Branches:
Dungeon (6/15)             Temple (1/1) D:4           Sewer (visited)

Annotations:
D:3 Grinder


Innate Abilities, Weirdness & Mutations

You have an increased reservoir of magic. (+10% MP)
You shall have no god before yourself.
Your divine heritage dramatically boosts your attributes as you level up.


Message History

The black bear goes berserk!
You slash the wight! You burn the wight.
You destroy the wight!
The wall freezes the black bear!
You kill the black bear!
Your Conjurations skill increases to level 3!
Unknown command.
Your frozen ramparts will break if you move.
Continue?
Okay, then.
Press: ? - help, v - describe, . - travel
Here: a wight, wielding a +4 battleaxe of freezing and wearing a +0 robe The floor.
Unknown command.
Casting: Frozen Ramparts (safe; 1% risk of failure)
Confirm with . or Enter, or press ? or * to list all spells.
Casting: Hailstorm (dangerous; 10% risk of failure)
Press: ? - help, Dir - look around, f - activate A cannonade of hail descends around you!
The hail pelts the wight!
The wight partially resists.
The wight is severely damaged.
The wight completely resists.
The wall freezes the wight but does no damage.
You closely miss the wight.
The wight is severely damaged.
The frozen ramparts melt away.
The wight hits you with a +4 battleaxe of freezing!
You feel drained. The wight freezes you.
The wight hits you with a +4 battleaxe of freezing!
You feel drained.
* * * LOW HITPOINT WARNING * * *
The wight freezes you.
* * * LOW HITPOINT WARNING * * *
You hit the wight but do no damage.
The wight is severely damaged.
The wight closely misses you.
You barely miss the wight.
The wight is severely damaged.
The wight misses you.
The wight hits you with a +4 battleaxe of freezing!
You die...

#..|.. ...... #...^..
....^.z ##.......
##.......^
#...##z....^..^ #####
#.#.##z##...... ....#
#.#.##@# ..... #...#
#.#.##.# .z.. #.#.#
#.#.##.# ... (.#.#
#.#.##.## .. ###.#
#.#.#...#### #
#.#######.............
#^..........#...######
##.###########.......
##...## #.......


You could see 2 wights.

Vanquished Creatures
  A water moccasin (D:5)
  A sky beast (D:6)
  A black bear (D:6)
  A necrophage (D:6)
  4 scorpions (D:5)
  2 wights (D:6)
  A howler monkey (D:4)
  A gnoll shaman (D:4)
  A jelly (D:5)
  2 iguanas
  Natasha (twice) (D:3)
  2 orc wizards
  Terence (D:1)
  Robin (D:3)
  4 gnolls
  9 adders
  7 river rats (Sewer)
  3 white imps
  An ufetubus (D:5)
  2 dart slugs
  4 worms
  11 orcs
  3 bats (D:1)
  11 endoplasms
  A giant cockroach (D:2)
  15 goblins
  8 hobgoblins
  3 jackals (D:2)
  7 quokkas
  11 ball pythons
  4 frilled lizards
  21 kobolds
  21 rats
167 creatures vanquished.

Vanquished Creatures (others)
  3 fungi (D:4)
  4 plants (D:4)
  5 toadstools (D:4)
12 creatures vanquished.

Grand Total: 179 creatures vanquished

Notes
Turn   | Place    | Note
-------+----------+-------------------------------------------
     0 | D:1      | ptdevnull the Demigod Ice Elementalist began the quest for
                  | the Orb.
     0 | D:1      | Reached XP level 1. HP: 14/14 MP: 5/5
   517 | D:1      | Reached XP level 2. HP: 16/20 MP: 2/7
  1577 | D:2      | Noticed Terence
  1586 | D:1      | HP: 1/20 [Terence/+0 mace (6)]
  1588 | D:1      | Killed Terence
  1589 | D:1      | Reached XP level 3. HP: 2/26 MP: 2/9
  1995 | D:2      | Reached skill level 4 in Ice Magic
  2273 | D:2      | Reached XP level 4. HP: 23/33 MP: 3/10
  2596 | D:1      | Learned a level 3 spell: Frozen Ramparts
  2600 | D:1      | Learned a level 3 spell: Ozocubu's Armour
  2871 | D:2      | Identified the +1 pair of gloves of the Vacuum {MP+9}
  3108 | D:3      | Noticed Natasha
  3115 | D:3      | Killed Natasha
  3273 | D:3      | Noticed Grinder
  3300 | D:3      | Paralysed by Grinder for 2 turns
  3327 | D:3      | Paralysed by Grinder for 2 turns
  3328 | D:3      | Noticed Natasha
  3597 | D:3      | Noticed Robin
  3605 | D:3      | Killed Robin
  3616 | D:3      | Reached XP level 5. HP: 32/38 MP: 12/12
  3754 | D:3      | Paralysed by Grinder for 3 turns
  3835 | D:3      | Killed Natasha
  4038 | D:4      | Reached skill level 5 in Ice Magic
  4232 | D:4      | Found a staircase to the Ecumenical Temple.
  4248 | Temple   | Entered the Ecumenical Temple
  4564 | D:4      | Reached XP level 6. HP: 45/45 MP: 14/14
  5015 | D:5      | Entered Level 5 of the Dungeon
  5234 | D:5      | Reached XP level 7. HP: 41/50 MP: 17/17
  5511 | D:5      | Reached skill level 6 in Ice Magic
  5769 | D:5      | Reached skill level 5 in Spellcasting
  6180 | D:6      | Learned a level 2 spell: Ensorcelled Hibernation
  6185 | D:6      | Learned a level 4 spell: Hailstorm
  6218 | D:6      | Found a glowing drain.
  6351 | Sewer    | Entered a sewer
  6495 | Sewer    | Reached skill level 1 in Conjurations
  7400 | D:6      | Reached XP level 8. HP: 52/57 MP: 19/19
  7406 | D:6      | Slain by a wight

Illustrated notes

Levels and vault maps discovered:
D:1:      dpeg_arrival_pits, layout_basic, shapermc_ecumenical_altar_rom_forum
D:2:      layout_rooms, minivault_26, minmay_circle_x, uniq_terence
D:3:      layout_loops_ring, minmay_distorted, uniq_robin, uniq_grinder,
          uniq_natasha
D:4:      layout_layer_cave, nicolae_overflow_squiral,
          minmay_temple_entry_gardened_gates, minmay_gold_behind_fungi
D:5:      layout_basic, minmay_misc_feat_cross, minmay_ruined_shrine
D:6:      layout_loops_ring, cheibrodos_sewer_entry_drain, minmay_holes
Temple:   eino_narrow_crystal_temple

Skill      XL: |  1  2  3  4  5  6  7  8 |
---------------+-------------------------+-----
Stealth        | 2 |  2.6
Dodging        | 2 |  2.4
Spellcasting   | 2 3 4 5 |  5.6
Ice Magic      | 4 5 6 |  6.9
Conjurations   | 2 3 |  3.1

Action                   |  1- 3 |  4- 6 |  7- 9 || total
-------------------------+-------+-------+-------++-------
Melee: Short sword       |    12 |    27 |     8 ||    47
       Unarmed           |     7 |       |       ||     7
       Long sword        |       |       |   109 ||   109
 Cast: Freeze            |    54 |    96 |    45 ||   195
       Frozen Ramparts   |       |    11 |     8 ||    19
       Ozocubu's Armour  |       |     2 |     1 ||     3
       Hailstorm         |       |       |     1 ||     1
  Use: Scroll            |       |     6 |     3 ||     9
       Potion            |       |     2 |     2 ||     4
 Stab: Sleeping          |     1 |     2 |     4 ||     7
Armor: Robe              |     6 |    17 |    49 ||    72
Dodge: Dodged            |    37 |    54 |   140 ||   231
       Repelled          |     1 |     2 |     1 ||     4

Table legend: (Time is in decaauts)
 A = Elapsed time spent in this place.
 B = Non-inter-level travel time spent in this place.
 C = Inter-level travel time spent in this place.
 D = Time resting spent in this place.
 E = Time spent auto-exploring this place.
 F = Levels seen in this place.
 G = Mean time per level.
                   A        B        C        D        E       F      G
               +--------+--------+--------+--------+--------+-----+--------+
         Total |   7481 |   7093 |    388 |   1554 |   4116 |   8 |  935.1 |
       Dungeon |   6569 |   6195 |    374 |   1551 |   3452 |   6 | 1094.8 |
        Temple |    186 |    172 |     14 |      0 |    162 |   1 |  186.0 |
         Sewer |    725 |    725 |      0 |      3 |    502 |   1 |  725.0 |
               +--------+--------+--------+--------+--------+-----+--------+

Top non-repeatable levels by time:
     D:1: 1934 daAuts
     D:2: 1441 daAuts
     D:5: 1214 daAuts
     D:4: 908 daAuts
   Sewer: 725 daAuts
     D:3: 551 daAuts
     D:6: 518 daAuts
  Temple: 186 daAuts
